 Dungeon Crawl Stone Soup version 0.17.1-1-g73c8601 (webtiles) character file.

2499 4thArraOfDagon the Cleaver (level 9, -6/81 HPs)
             Began as a Deep Dwarf Fighter on Dec 21, 2015.
             Was an Elder of Makhleb.
             Killed from afar by pedritolo's ghost (21 damage)
             ... with a fireball
             ... on level 9 of the Dungeon.
             The game lasted 00:14:43 (2228 turns).

4thArraOfDagon the Cleaver (Deep Dwarf Fighter)     Turns: 2228, Time: 00:14:43

Health: -6/81      AC:  9    Str: 23    XL:     9   Next: 28%
Magic:  13/13      EV: 11    Int: 11    God:    Makhleb [****..]
Gold:   396        SH:  0    Dex: 12    Spells: 0 memorised, 8 levels left

rFire  . . .     SeeInvis .     g - +1 battleaxe
rCold  . . .     Clarity  .     b - +0 scale mail
rNeg   . . .     SustAt   .     (shield currently unavailable)
rPois  .         Gourm    +     (no helmet)
rElec  .         Spirit   .     (no cloak)
rCorr  .         Warding  .     m - +0 pair of gloves
rMut   .         Stasis   .     (no boots)
MR     +....                    w - amulet of the gourmand
Stlth  ..........               (no ring)
                                (no ring)

@: non-regenerating, somewhat resistant to hostile enchantments, extremely
unstealthy
A: damage resistance, recharge devices, talons 1, repulsion field 1, sense
surroundings 2, slow regeneration 3, strong 1
a: Device Recharging, Minor Destruction, Lesser Servant of Makhleb, Major
Destruction, Renounce Religion


You were on level 9 of the Dungeon.
You worshipped Makhleb.
Makhleb was greatly pleased with you.
You were full.

You visited 1 branch of the dungeon, and saw 10 of its levels.
You also visited: Sewer and Ossuary.

You collected 396 gold pieces.

Inventory:

Hand Weapons
 a - a +0 war axe
 g - a +1 battleaxe (weapon)
 y - a +0 blowgun
Missiles
 z - 16 poisoned needles
Armour
 b - a +0 scale mail (worn)
 c - a +0 shield
 m - a +0 pair of gloves (worn)
Magical Staves
 F - an uncursed staff of power {unknown}
Rods
 E - a +1 rod of ignition (9/9)
   (You found it on level 8 of the Dungeon)
Jewellery
 w - an amulet of the gourmand (around neck)
Wands
 e - a wand of heal wounds (4)
 l - a wand of disintegration (0)
 o - a wand of cold (0)
 C - a wand of paralysis (3)
 D - a wand of disintegration (12)
 H - a wand of hasting (5)
Scrolls
 k - 4 scrolls of recharging
 A - a scroll of enchant weapon
Potions
 d - 3 potions of might
 h - 7 potions of curing
 i - 2 potions of lignification {unknown}
 j - 2 potions of brilliance {unknown}
 p - 4 potions of heal wounds
 q - a potion of invisibility {unknown}
 r - a potion of haste
 s - a potion of resistance {unknown}
 t - a potion of magic {unknown}
 u - a potion of ambrosia {unknown}
 v - a potion of cancellation {unknown}
 x - a potion of flight {unknown}
 B - 3 potions of agility {unknown}
Comestibles
 f - 4 bread rations
 n - a slice of pizza
 G - a beef jerky
 I - a royal jelly


   Skills:
 + Level 5.5 Fighting
 * Level 9.0 Axes
 + Level 6.9 Armour
 - Level 3.2 Shields
 - Level 5.1 Invocations
 + Level 5.5 Evocations


You had 8 spell levels left.
You didn't know any spells.

Dungeon Overview and Level Annotations

Branches:
Dungeon (10/15)            Temple (0/1) D:6
   Lair: D:8-11         Orc: D:9-12

Altars:
Dithmenos
Makhleb
Nemelex Xobeh
Yredelemnul

Shops:
D:4 [

Annotations:
D:9 pedritolo's ghost, journeyman TeFE


Innate Abilities, Weirdness & Mutations

You are resistant to damage.
You can recharge devices by infusing magical energy.
You passively map the area around you.
You do not regenerate naturally.
You have sharp toenails.
You are surrounded by a mild repulsion field (EV +2).
Your muscles are strong. (Str +2)


Message History

No target in view!
You see here a wand of disintegration.
D - a wand of disintegration Evoke which item? (* to show all) (? for menu, Esc to quit)
Okay, then.
Read which item? (? for menu, Esc to quit)
Okay, then.
The hill giant shouts!
Pedritolo's ghost turns its malevolent gaze towards you.
Unknown command.
Pedritolo's ghost points at you and mumbles some strange words.
The bolt of fire hits you!
Unknown command.
Unknown command.
The hill giant hits you with a giant spiked club!!!
* * * LOW HITPOINT WARNING * * *
Unknown command.
Pedritolo's ghost points at you and mumbles some strange words.
The fireball explodes!
The fireball engulfs you!
You die...

#### * *** , ,..# , ,
* #.#
#######.############,
................@.>#,*
.....#..###...C.##.#,*
....)#..# #....W##[#,
.....#..# #..s).##.#
######..# #.....##.# *
# #..###.....##.# *
######..............,
, ........###.....##.#
, .#####..# #.....# #


You could see a hill giant, a scorpion and pedritolo's ghost.

Vanquished Creatures
  A trapdoor spider zombie (D:8)
  Menkaure (D:4)
  A hippogriff (D:8)
  A sky beast (D:8)
  A phantom (D:7)
  An ogre (D:7)
  3 orc warriors
  An ice beast (D:8)
  4 big kobolds
  A giant frog (D:9)
  A jelly (D:5)
  5 orc priests
  A crimson imp (D:7)
  A centaur skeleton (D:5)
  A giant frog skeleton (D:6)
  A giant frog zombie (D:5)
  2 iguanas
  9 orc wizards
  4 worker ants
  A hound zombie (D:6)
  8 mummies (Ossuary)
  6 gnolls
  5 river rats
  4 adders
  3 shadow imps
  An adder skeleton (D:5)
  2 worms (D:5)
  4 giant geckos
  15 orcs
  4 ball pythons (Sewer)
  A giant cockroach (D:5)
  3 gnoll zombies (Ossuary)
  3 hobgoblins (D:2)
  2 jackals (D:5)
  4 giant newts
  A goblin zombie (D:5)
  3 hobgoblin zombies (Ossuary)
  23 kobolds
  A kobold zombie (Ossuary)
  An orc zombie (Ossuary)
  A quokka skeleton (D:6)
  20 rats (Sewer)
  A rat zombie (D:5)
157 creatures vanquished.

Notes
Turn   | Place    | Note
--------------------------------------------------------------
     0 | D:1      | 4thArraOfDagon the Deep Dwarf Fighter began the quest for the Orb.
     0 | D:1      | Reached XP level 1. HP: 20/20 MP: 1/1
   118 | D:4      | Reached XP level 2. HP: 10/27 MP: 2/2
   127 | D:4      | Found Cecw's Antique Armour Boutique.
   170 | D:5      | Entered Level 5 of the Dungeon
   174 | D:5      | Found a basalt altar of Yredelemnul.
   290 | D:7      | Reached XP level 3. HP: 9/34 MP: 3/3
   340 | D:6      | Found a burning altar of Makhleb.
   345 | D:6      | Became a worshipper of Makhleb the Destroyer
   420 | D:5      | Reached XP level 4. HP: 11/42 MP: 4/4
   443 | D:5      | Found a sand-covered staircase.
   455 | Ossuary  | Entered an ossuary
   469 | Ossuary  | Reached skill level 4 in Armour
   478 | Ossuary  | Gained mutation: You are surrounded by a mild repulsion field (EV +2). [potion of mutation]
   478 | Ossuary  | Gained mutation: Your muscles are strong. (Str +2) [potion of mutation]
   478 | Ossuary  | Gained mutation: You have sharp toenails. [potion of mutation]
   512 | Ossuary  | Reached XP level 5. HP: 25/49 MP: 5/5
   574 | Ossuary  | Reached * piety under Makhleb
   735 | D:5      | Reached skill level 5 in Axes
   792 | D:5      | Reached XP level 6. HP: 21/57 MP: 6/6
   806 | D:5      | Found a glowing drain.
   810 | Sewer    | Entered a sewer
   926 | Sewer    | Reached ** piety under Makhleb
  1080 | Sewer    | Reached skill level 5 in Armour
  1080 | Sewer    | Reached skill level 1 in Evocations
  1099 | Sewer    | Reached *** piety under Makhleb
  1110 | Sewer    | Reached skill level 6 in Axes
  1110 | Sewer    | Reached skill level 1 in Invocations
  1110 | Sewer    | Reached XP level 7. HP: 57/64 MP: 6/8
  1246 | D:4      | Noticed Menkaure
  1251 | D:4      | Killed Menkaure
  1259 | D:4      | Noticed an orc wizard
  1263 | D:4      | Killed an orc wizard
  1273 | D:4      | Noticed an orc wizard
  1306 | D:4      | Killed an orc wizard
  1370 | D:6      | Found a staircase to the Ecumenical Temple.
  1399 | D:6      | Found a shadowy altar of Dithmenos.
  1402 | D:6      | Found a sparkling altar of Nemelex Xobeh.
  1449 | D:6      | Reached skill level 7 in Axes
  1449 | D:6      | Reached XP level 8. HP: 48/73 MP: 10/10
  1451 | D:6      | Reached **** piety under Makhleb
  1465 | D:6      | Noticed an orc warrior
  1473 | D:6      | Killed an orc warrior
  1544 | D:7      | Noticed a phantom
  1546 | D:7      | Noticed a big kobold
  1561 | D:7      | Killed a big kobold
  1590 | D:7      | Noticed an orc warrior
  1603 | D:7      | Killed an orc warrior
  1607 | D:7      | Killed a phantom
  1699 | D:7      | Noticed an ogre
  1707 | D:7      | Killed an ogre
  1707 | D:7      | Reached skill level 5 in Fighting
  1867 | D:8      | Reached skill level 8 in Axes
  1882 | D:8      | Reached skill level 5 in Invocations
  1919 | D:9      | Noticed pedritolo's ghost (journeyman TeFE)
  1920 | D:9      | Noticed a hill giant
  1947 | D:8      | Reached skill level 5 in Evocations
  1947 | D:8      | Gained mutation: You passively map the area around you. [Deep Dwarf growth]
  1947 | D:8      | Reached XP level 9. HP: 49/81 MP: 12/12
  1971 | D:8      | Identified a +1 rod of ignition (9/9) (You found it on level 8 of the Dungeon)
  2078 | D:10     | Entered Level 10 of the Dungeon
  2208 | D:9      | Reached skill level 9 in Axes
  2228 | D:9      | Killed from afar by pedritolo's ghost

Action                   |  1- 3 |  4- 6 |  7- 9 || total
-------------------------+-------+-------+-------++-------
Melee: War axe           |    69 |   169 |   141 ||   379
       Battleaxe         |       |       |    67 ||    67
Throw: Throwing net      |     1 |     6 |     2 ||     9
Evoke: Wand              |     1 |     6 |    10 ||    17
  Use: Potion            |     1 |     1 |     2 ||     4
       Scroll            |     1 |     1 |    10 ||    12
 Stab: Held in net/web   |       |     5 |     1 ||     6
       Paralysed         |       |       |    20 ||    20
  Eat: Chunk             |       |     1 |    10 ||    11
